 Dungeon Sprint DCSS version 0.22-a0-618-gd6a3efe (webtiles) character file.

618 Kidiri the Covert (level 7, -12/37 HPs)
             Began as a Spriggan Enchanter on July 14, 2018.
             Mangled by a flying skull (13 damage)
             ... in the Dungeon (Sprint II: "The Violet Keep of Menkaure").
             The game lasted 00:02:43 (413 turns).

Kidiri the Covert (Spriggan Enchanter)               Turns: 413, Time: 00:02:44

Health: -12/37     AC:  1    Str:  1 (2)  XL:     7   Next: 21%
Magic:  3/20       EV: 26    Int: 17      God:
Gold:   486        SH:  0    Dex: 18      Spells: 11/23 levels left

rFire    . . .     SeeInvis +   a - +1 dagger
rCold    . . .     Gourm    .   (shield restricted)
rNeg     . . .     Faith    .   b - +0 robe
rPois    .         Spirit   .   (helmet restricted)
rElec    .         Reflect  .   (no cloak)
rCorr    .         Harm     .   (gloves unavailable)
MR       +....     NoTele   +   (boots unavailable)
Stlth    +++.......             (no amulet)
HPRegen  0.12/turn              (no ring)
MPRegen  0.17/turn              (no ring)

@: slow
A: very small, unfitting armour, see invisible, deformed body, deterioration 1,
herbivore, speed 3, slow metabolism 2, weak 1
a: no special abilities


You were in the Dungeon.
You were not hungry.

You visited 1 branch You collected 486 gold pieces.

Inventory:

Hand Weapons
 a - a +1 dagger (weapon)
Armour
 b - a +0 robe (worn)
Scrolls
 c - a scroll of identify {unknown}
 j - a scroll of blinking
Potions
 e - a potion of curing
 f - a potion of heal wounds
 g - a potion of haste
 h - a potion of magic
Comestibles
 d - a ration


   Skills:
 + Level 3.6 Fighting
 * Level 7.3 Short Blades
 + Level 3.4 Armour
 * Level 9.9 Dodging
 * Level 11.1 Stealth
 * Level 8.5 Spellcasting
 + Level 6.7 Hexes


You had 11 spell levels left.
You knew the following spells:

 Your Spells              Type           Power        Failure   Level  Hunger
a - Corona                Hex            ####...      1%          1    None
b - Ensorcelled Hibernat  Hex/Ice        ###...       3%          2    None
c - Confuse               Hex            ####....     1%          3    #......
d - Tukima's Dance        Hex            ####....     1%          3    #......
e - Dazzling Spray        Conj/Hex       ###...       8%          3    #......

Your spell library contained the following spells:

 Spells                   Type           Power        Failure   Level  Hunger


Dungeon Overview and Level Annotations

Branches:
Dungeon (1/1)

Altars:

Shops:
D !%[=(}:?[%!*[

Annotations:
D exclusion: oklob plant, Roxanne


Innate Abilities, Weirdness & Mutations

You are very small and have problems with some larger weapons.
You are too small for most types of armour.
You have supernaturally acute eyesight. (SInv)
You are a herbivore.
You cover ground extremely quickly.
You need to consume almost no food.
Armour fits poorly on your strangely shaped body.
Your body sometimes deteriorates upon taking damage.
You are weak. (Str -2)


Message History

Something tries to feed on your intellect!
The crimson imp shouts, "Return whence thou came, thou rank dread-bolted death-token!"
The neqoxec gestures.
Unknown command.
The crimson imp blinks!
Unknown command.
The white imp disappears in a puff of smoke!
The crimson imp disappears in a puff of smoke!
The flying skull completely misses you. The neqoxec gestures at you.
Something tries to feed on your intellect!
The flying skull completely misses you. The flying skull hits you.
* * * LOW HITPOINT WARNING * * *
The crimson imp blinks!
The flying skull completely misses you.
The flying skull hits you but does no damage.
Unknown command.
Your unstable footing causes you to fumble your attack.
The flying skull completely misses you. The flying skull hits you!
You die...

∩.∩.∩.∩#≈##.###+##
.∩...∩.#≈#.#.##.##
∩.....∩+≈+.##'.<.+
......r#≈#..###.##
.. ▓▓▓▓▓###≈##.#
#+## #..
)Z######≈≈### .##
#≈≈. Z$ ##≈≈≈#
##.w#≈§≈≈≈ P
#+#z###w.##≈≈≈≈≈
#.#@z##+##≈≈≈≈§≈
####z3§§≈≈≈≈≈§≈≈
#35§#+++#≈≈§
##z§§§≈≈≈##
##§z5≈§≈§≈§##≈≈
zzz35z≈§8≈§≈§.§≈≈
§§##≈§.§§§≈§§##§§
§ ##§§.§§§≈## #
####§####


You could see Roxanne, 2 neqoxecs, 6 flying skulls and 2 crimson imps.

Vanquished Creatures
  2 hippogriffs (D)
  A neqoxec (D)
  Menkaure (D)
4 creatures vanquished.

Vanquished Creatures (others)
  A crocodile (D)
1 creature vanquished.

Grand Total: 5 creatures vanquished

Notes
Turn   | Place    | Note
-------+----------+-------------------------------------------
     0 | D        | Kidiri the Spriggan Enchanter began the quest for the Orb.
     0 | D        | Reached XP level 1. HP: 9/9 MP: 5/5
     1 | D        | Noticed a hippogriff
     1 | D        | Noticed a hippogriff
     4 | D        | Noticed a neqoxec
    12 | D        | Gained mutation: You are weak. (Str -2) [a neqoxec]
    13 | D        | Killed a neqoxec
    13 | D        | Reached skill level 7 in Stealth
    13 | D        | Reached skill level 5 in Spellcasting
    13 | D        | Reached skill level 5 in Hexes
    13 | D        | Reached XP level 2. HP: 15/15 MP: 4/9
    13 | D        | Reached XP level 3. HP: 18/18 MP: 4/11
    13 | D        | Reached XP level 4. HP: 23/23 MP: 4/12
    13 | D        | Reached XP level 5. HP: 26/26 MP: 4/14
    20 | D        | Killed a crocodile
    21 | D        | Learned a level 2 spell: Ensorcelled Hibernation
    25 | D        | Learned a level 3 spell: Confuse
    29 | D        | Learned a level 3 spell: Tukima's Dance
    33 | D        | Learned a level 3 spell: Dazzling Spray
    81 | D        | Killed a hippogriff
    81 | D        | Reached skill level 9 in Stealth
    81 | D        | Reached XP level 6. HP: 28/32 MP: 13/17
    84 | D        | Killed a hippogriff
    84 | D        | Reached skill level 10 in Stealth
    92 | D        | Noticed Menkaure
   107 | D        | Killed Menkaure
   107 | D        | Reached skill level 11 in Stealth
   107 | D        | Reached XP level 7. HP: 8/37 MP: 7/20
   351 | D        | Found Dyiplihi's Antique Armour Emporium.
   352 | D        | Found Kavul's Distillery.
   352 | D        | Found Vaaf's General Store.
   352 | D        | Found Behasod's Armour Emporium.
   352 | D        | Found Jaopud's Gadget Shoppe.
   352 | D        | Found Atzingut's Food Emporium.
   352 | D        | Found Ocegy's Book Shoppe.
   352 | D        | Found Tuaq's Magic Scroll Shoppe.
   352 | D        | Found Moqabbo Ujor's Antique Weapon Emporium.
   360 | D        | Found Tuwnu's Jewellery Shoppe.
   360 | D        | Found Rups's Antique Armour Emporium.
   362 | D        | Found Niguwih's Food Shoppe.
   362 | D        | Found Wocuwosu's Distillery.
   362 | D        | Noticed an oklob plant
   376 | D        | Noticed a neqoxec
   376 | D        | Noticed Roxanne
   390 | D        | Gained mutation: Armour fits poorly on your strangely shaped body. [a neqoxec]
   394 | D        | Gained mutation: Your mind is acute. (Int +2) [a neqoxec]
   396 | D        | Noticed a flying skull
   396 | D        | Gained mutation: Your body sometimes deteriorates upon taking damage. [a neqoxec]
   398 | D        | Noticed a flying skull
   401 | D        | Noticed a flying skull
   401 | D        | Noticed a neqoxec
   403 | D        | Noticed a flying skull
   404 | D        | Lost mutation: Your mind is acute. (Int +2) [a neqoxec]
   405 | D        | Noticed a flying skull
   406 | D        | Noticed a flying skull
   406 | D        | Noticed a flying skull
   407 | D        | Noticed a flying skull
   412 | D        | HP: 1/37 [flying skull (5)]
   413 | D        | Mangled by a flying skull

Vault maps used:
D:        the_violet_keep_of_menkaure

Skill      XL: |  1  2  3  4  5  6 |
---------------+-------------------+-----
Fighting       | 2 3 |  3.6
Short Blades   | 4 6 7 |  7.3
Armour         | 2 3 |  3.4
Dodging        | 6 8 9 |  9.9
Stealth        | 7 9 11 | 11.1
Spellcasting   | 5 7 8 |  8.5
Hexes          | 5 6 |  6.7

Action                   |  1- 3 |  4- 6 |  7- 9 || total
-------------------------+-------+-------+-------++-------
Melee: Dagger            |     6 |     3 |    17 ||    26
 Cast: Corona            |     1 |       |       ||     1
       Ensorcelled Hiber |       |     1 |       ||     1
       Dazzling Spray    |       |     7 |     7 ||    14
       Confuse           |       |       |     1 ||     1
  Use: Potion            |     1 |     1 |       ||     2
 Stab: Sleeping          |       |     3 |       ||     3
Armor: Robe              |       |       |     1 ||     1
Dodge: Dodged            |       |     4 |    15 ||    19

Table legend:
 A = Spawn XP
 B = Non-spawn XP
 C = Spawn XP percentage of total XP
 D = Spawn monster count
 E = Non-spawn monster count
 F = Spawn count percentage of total count
 G = Total turns spent on level
                    A         B        C        D         E        F      G
               +---------+---------+-------+---------+---------+-------+---------
         Total |       0 |     883 |   0.0 |       0 |       4 |   0.0 |   413
               +---------+---------+-------+---------+---------+-------+---------
             D |       0 |     883 |   0.0 |       0 |       4 |   0.0 |   413
               +---------+---------+-------+---------+---------+-------+---------
